 Dungeon Crawl Stone Soup version 0.27-a0-681-g0c81a3c1c3 (webtiles) character file.

Game seed: 9643547681003126788

124 sizableburger the Shooter (level 4, -8/35 HPs)
             Began as a Mummy Hunter on Mar 20, 2021.
             Mangled by Menkaure (13 damage)
             ... on level 4 of the Dungeon.
             The game lasted 00:06:08 (3877 turns).

sizableburger the Shooter (Mummy Hunter)            Turns: 3877, Time: 00:06:09

Health: -8/35      AC:  6    Str: 16    XL:     4   Next: 81%
Magic:  4/4        EV: 10    Int: 10    God:
Gold:   142        SH:  0    Dex: 12    Spells: 3/3 levels left

rFire    x . .     SeeInvis .   a - +2 shortbow
rCold    + . .     Faith    .   (shield currently unavailable)
rNeg     + + +     Spirit   .   g - +0 scale mail
rPois    ∞         Reflect  .   (no helmet)
rElec    .         Harm     .   (no cloak)
rCorr    .         Rampage  .   (no gloves)
Will     .....                  (no boots)
Stlth    ..........             (no amulet)
HPRegen  0.11/turn              (no ring)
MPRegen  0.09/turn              (no ring)

@: no status effects
A: cold resistance 1, negative energy resistance 3, torment resistance 2,
unbreathing 1, heat vulnerability 1, no potions
a: no special abilities


You were on level 4 of the Dungeon.
You visited 1 branch of the dungeon, and saw 4 of its levels.

You collected 142 gold pieces.

Inventory:

Hand Weapons
 a - a +2 shortbow (weapon)
 e - a +0 dagger
Missiles
 d - 5 arrows (quivered ammo)
Armour
 g - a +0 scale mail (worn)
Jewellery
 b - a ring of magical power
Scrolls
 f - a scroll of magic mapping


   Skills:
 + Level 3.1 Fighting
 + Level 1.4 Short Blades
 + Level 3.8 Bows
 + Level 0.3 Armour
 - Level 2.3 Dodging
 - Level 0.7 Stealth


You had 3 spell levels left.
You didn't know any spells.
Your spell library was empty.

Dungeon Overview and Level Annotations

Branches:
Dungeon (4/15)
 Temple: D:4-7

Altars:
Ru
The Shining One

Shops:
D:1 ([*?

Annotations:
D:4 Menkaure


Innate Abilities, Weirdness & Mutations

You are immune to poison.
Your flesh is cold resistant. (rC+)
You are immune to negative energy. (rN+++)
You are immune to unholy pain and torment.
You can survive without breathing.
You are vulnerable to heat. (rF-)
You do not drink.


Message History

Found an emerald potion.
You see here an emerald potion.
There is an open door here.
Done exploring.
Done exploring.
There is an escape hatch in the floor here.
There is a stone staircase leading down here.
Unknown command.
You climb downwards.
Found a robe and 7 gold pieces.
Found a stone staircase leading up.
There is a stone staircase leading up here.
You now have 142 gold pieces (gained 7).
Menkaure, Prince of Dust comes into view.
Menkaure shouts!
Menkaure moves out of view.
Found a war axe.
a - a +2 shortbow (weapon)
You shoot an arrow. The arrow hits Menkaure!
Menkaure is moderately damaged.
You shoot an arrow. The arrow hits Menkaure.
Menkaure is heavily damaged.
You shoot an arrow. The arrow barely misses Menkaure.
Menkaure gestures wildly while chanting.
Menkaure seems to speed up.
You shoot an arrow. The arrow hits Menkaure.
Menkaure is heavily damaged.
You shoot an arrow. The arrow completely misses Menkaure.
Menkaure hits you.
You shoot an arrow. The arrow hits Menkaure.
Menkaure is severely damaged.
Menkaure hits you! x2
* * * LOW HITPOINT WARNING * * *
You are too injured to fight recklessly!
You are too injured to fight recklessly!
You can't drink.
As you read the scroll labelled DERUNG KIATETU, it crumbles to dust.
It is a scroll of amnesia.
You feel forgetful for a moment. Menkaure closely misses you.
As you read the scroll labelled YMUDDA REGHEUDD, it crumbles to dust.
The scroll dissolves into smoke.
It was a scroll of fog.
Menkaure hits you!
You die...

..# .)(. .#. ...
.. ..# ..(.#
.#(# ..
§§###...# ### #.
##M§§.# ...##.
##§@####
......###§§##..#
.........§§....#
#..............#
#.........#..#
#.........#..#
##..<...#.....#
#....[.###....#
#......# ...##


You could see Menkaure (fast).

Vanquished Creatures
  6 adders
  2 worms (D:2)
  4 dart slugs
  A leopard gecko (D:3)
  5 orcs (D:3)
  2 ball pythons (D:3)
  3 bats (D:3)
  7 giant cockroaches
  3 hobgoblins (D:1)
  2 jackals (D:1)
  2 quokkas
  4 frilled lizards
  4 goblins
  4 kobolds
  5 rats
54 creatures vanquished.

Notes
Turn   | Place    | Note
-------+----------+-------------------------------------------
     0 | D:1      | sizableburger the Mummy Hunter began the quest for the Orb.
     0 | D:1      | Reached XP level 1. HP: 16/16 MP: 1/1
     0 | D:1      | Found Fesimp's Antique Weapon Emporium.
    78 | D:1      | Found Dabiygho's Magic Scroll Shoppe.
    84 | D:1      | Found Urghorr's Armour Boutique.
   203 | D:1      | Found Nial Koph's Magic Scroll Shoppe.
   256 | D:1      | Reached XP level 2. HP: 19/22 MP: 2/2
   654 | D:1      | Found Wocecum's General Store.
  1377 | D:2      | Reached XP level 3. HP: 26/28 MP: 3/3
  1812 | D:2      | Reached skill level 1 in Short Blades
  1824 | D:2      | Reached XP level 4. HP: 30/34 MP: 4/4
  2949 | D:3      | Found a sacrificial altar of Ru.
  3867 | D:4      | Noticed Menkaure
  3877 | D:4      | Mangled by Menkaure

Illustrated notes

Levels and vault maps discovered:
D:1:      dpeg_arrival_tiny_b, layout_basic, serial_shops, shop, shop,
          nicolae_shop_crystal, shop, shop
D:2:      layout_rooms
D:3:      layout_loops_corners, nicolae_overflow_crystal_walls,
          general_overflow_altar, chequers_serial_rivers_room_b
D:4:      layout_cave_pools, kennysheep_little_box, st_stairs_4,
          uniq_crazy_yiuf_cottage, uniq_menkaure, uniq_ijyb

Skill      XL: |  1  2  3  4 |
---------------+-------------+-----
Dodging        | 2 |  2.3
Short Blades   | 1 |  1.4
Fighting       | 3 |  3.1
Bows           | |  3.8
Armour         | |  0.3
Stealth        | |  0.7

Action                   |  1- 3 |  4- 6 || total
-------------------------+-------+-------++-------
Melee: Short sword       |    21 |       ||    21
       Dagger            |    68 |   154 ||   222
 Fire: Shortbow          |    52 |    22 ||    74
  Use: Scroll            |     3 |     6 ||     9
 Stab: Sleeping          |     1 |     2 ||     3
Armor: Leather armour    |    26 |     8 ||    34
       Scale mail        |       |    56 ||    56
Dodge: Dodged            |    52 |   108 ||   160

Table legend: (Time is in decaauts)
 A = Elapsed time spent in this place.
 B = Non-inter-level travel time spent in this place.
 C = Inter-level travel time spent in this place.
 D = Time resting spent in this place.
 E = Time spent auto-exploring this place.
 F = Levels seen in this place.
 G = Mean time per level.
                   A        B        C        D        E       F      G
               +--------+--------+--------+--------+--------+-----+--------+
         Total |   3870 |   3670 |    200 |    721 |   2345 |   4 |  967.5 |
       Dungeon |   3870 |   3670 |    200 |    721 |   2345 |   4 |  967.5 |
               +--------+--------+--------+--------+--------+-----+--------+

Top non-repeatable levels by time:
     D:3: 1782 daAuts
     D:1: 1046 daAuts
     D:2: 1021 daAuts
     D:4: 19 daAuts
